 Dungeon Crawl Stone Soup version 0.22.1-2-g9c5b331383 (webtiles) character file.

105189 Jynx the Bewitcher (level 15, -5/63 HPs)
             Began as a Spriggan Enchanter on Dec 22, 2018.
             Was the Champion of Ashenzari.
             Killed from afar by Nikola (23 damage)
             ... with a chain lightning
             ... on level 1 of the Shoals.
             The game lasted 01:39:46 (35026 turns).

Jynx the Bewitcher (Spriggan Enchanter)            Turns: 35026, Time: 01:39:47

Health: -5/63      AC:  7    Str:  4    XL:     15   Next: 94%
Magic:  10/34      EV: 50    Int: 23    God:    Ashenzari [******]
Gold:   1515       SH:  0    Dex: 20    Spells: 3/42 levels left

rFire    . . .     SeeInvis +   c - +2 dagger (freeze) (curse)
rCold    + + .     Gourm    .   (shield restricted)
rNeg     . . .     Faith    .   q - +2 robe {rC+} (curse)
rPois    .         Spirit   .   (helmet restricted)
rElec    .         Reflect  .   i - +2 cloak (curse)
rCorr    .         Harm     .   (gloves unavailable)
MR       ++...     Clarity  +   (boots unavailable)
Stlth    ++++++++..             F - amulet of the acrobat (curse)
HPRegen  0.20/turn              k - +3 ring of intelligence (curse)
MPRegen  0.24/turn              P - ring of protection from cold (curse)

@: very quick
A: very small, unfitting armour, see invisible, herbivore, speed 3, slow
metabolism 2
a: Curse Item, Scrying, Transfer Knowledge, Renounce Religion


You were on level 1 of the Shoals.
You worshipped Ashenzari.
Ashenzari was exalted by your worship.
You were very hungry.

You visited 6 branches of the dungeon, and saw 25 of its levels.

You collected 2985 gold pieces.
You spent 1470 gold pieces at shops.

Inventory:

Hand Weapons
 c - a cursed +2 dagger of freezing (weapon)
Armour
 i - a cursed +2 cloak (worn)
 q - a cursed +2 robe of cold resistance (worn)
Jewellery
 a - an uncursed ring of ice
 k - a cursed +3 ring of intelligence (left hand)
 E - a cursed ring of flight
 F - a cursed amulet of the acrobat (around neck)
 G - an uncursed amulet of faith
 N - a cursed ring of resist corrosion
 P - a cursed ring of protection from cold (right hand)
Wands
 h - a wand of digging (20)
 p - a wand of polymorph (16)
 r - a wand of acid (28)
 s - a wand of flame (70)
 w - a wand of random effects (11)
 x - a wand of paralysis (83)
 A - a wand of iceblast (12)
 C - a wand of clouds (12)
 D - a wand of enslavement (9)
Scrolls
 j - 2 scrolls of fear
 l - 2 scrolls of amnesia
 t - 11 scrolls of teleportation
 u - 5 scrolls of remove curse
 y - a scroll of blinking
 B - 2 scrolls of enchant armour
 H - 4 scrolls of magic mapping
 M - a scroll of fog
 O - a scroll of random uselessness {unknown}
 R - a scroll of identify
Potions
 b - 2 potions of invisibility
 e - 2 potions of agility
 f - 6 potions of heal wounds
 g - a potion of cancellation {unknown}
 m - 3 potions of berserk rage
 n - 8 potions of curing
 o - 3 potions of haste
 v - 4 potions of magic
 z - 3 potions of lignification
 I - 2 potions of brilliance {unknown}
 J - 2 potions of ambrosia {unknown}
 K - a potion of degeneration {unknown}
 L - 4 potions of flight {unknown}
 Q - a potion of might
Comestibles
 d - 19 rations


   Skills:
 - Level 12.0(16.1) Short Blades
 + Level 16.2(18.7) Dodging
 + Level 17.6(20.0) Stealth
 + Level 14.1 Spellcasting
 * Level 19.1(22.6) Hexes
 + Level 5.8(10.3) Translocations


You had 3 spell levels left.
You knew the following spells:

 Your Spells              Type           Power        Failure   Level  Hunger
a - Corona                Hex            #######      0%          1    None
b - Ensorcelled Hibernat  Hex/Ice        ######       1%          2    None
c - Confuse               Hex            #######.     0%          3    None
d - Tukima's Dance        Hex            #######.     0%          3    None
e - Dazzling Spray        Conj/Hex       ######       1%          3    None
f - Yara's Violent Unrav  Hex/Tmut       ######....   1%          5    ###....
g - Cause Fear            Hex            #######...   0%          4    None
h - Inner Flame           Hex/Fire       ######..     1%          3    None
i - Discord               Hex            #######...   2%          8    #######
j - Silence               Hex/Air        ######....   1%          5    ###....
k - Blink                 Tloc           N/A          1%          2    None

Your spell library contained the following spells:

 Spells                   Type           Power        Failure   Level  Hunger
 Confusing Touch          Hex            ######       0%          1    None
 Apportation              Tloc           ######       1%          1    None
 Shroud of Golubria       Chrm/Tloc      #####.....   1%          2    None
 Gell's Gravitas          Tloc           ######....   1%          3    None
 Teleport Other           Tloc           ######..     1%          3    None
 Flame Tongue             Conj/Fire      ###..        2%          1    None
 Song of Slaying          Chrm           ###.....     4%          2    None
 Throw Flame              Conj/Fire      ###...       4%          2    None
 Conjure Flame            Conj/Fire      ###.....     9%          3    None
 Metabolic Englaciation   Hex/Ice        ######....   1%          5    ###....
 Petrify                  Tmut/Erth      ###.....     28%         4    None
 Sticky Flame             Conj/Fire      ###.....     28%         4    None
 Bolt of Draining         Conj/Necr      ###.......   61%         5    ###....
 Fireball                 Conj/Fire      ###.......   61%         5    ###....
 Deflect Missiles         Chrm/Air       ###.......   99%         6    #####..
 Simulacrum               Ice/Necr       ###.......   99%         6    #####..
 Ring of Flames           Chrm/Fire      ###.......   100%        7    ######.


Dungeon Overview and Level Annotations

Branches:
Dungeon (14/15)            Temple (1/1) D:4            Lair (6/6) D:11
 Shoals (1/4) Lair:4        Snake (1/4) Lair:3        Slime (0/5) Lair:5
    Orc (2/2) D:9             Elf (0/3) Orc:2        Vaults (0/5) D:13

Altars:
Ashenzari
Cheibriados
Dithmenos
Elyvilon
Fedhas
Gozag
Hepliaklqana
Kikubaaqudgha
Makhleb
Nemelex Xobeh
Okawaru
Qazlal
Ru
Sif Muna
Trog
Uskayaw
Vehumet
Wu Jian
Xom
Yredelemnul
Zin
The Shining One
Beogh

Shops:
D:5 :   D:11 [   Orc:2 %*:[   Shoals:1 *

Annotations:
D:5 2 transporters, Gargoyl's ghost, novice CeAK
Lair:6 exclusion: 2 oklob plants
Shoals:1 Nikola


Innate Abilities, Weirdness & Mutations

You are very small and have problems with some larger weapons.
You are too small for most types of armour.
You have supernaturally acute eyesight. (SInv)
You are a herbivore.
You cover ground extremely quickly.
You need to consume almost no food.


Message History

Confirm with . or Enter, or press ? or * to list all spells.
Aiming: Tukima's Dance (safe; 0% risk of failure)
Press: ? - help, Shift-Dir - straight line, f/p - Nikola
Aim: Nikola, wielding a rapier of electrocution, wearing a cloak and wearing a Nikola resists with almost no effort.
The harpy completely misses you. The harpy claws you.
The harpy completely misses you. The harpy misses you.
Nikola hits you with a rapier of electrocution!
The harpy completely misses you. x2; The harpy claws you!
* * * LOW HITPOINT WARNING * * *
The harpy completely misses you.
The harpy screeches!
The harpy completely misses you. x2
Nikola says, "There's a spark of magic in your eyes."
The harpy completely misses you. The harpy misses you.
Nikola casts a spell.
You hear a mighty clap of thunder!
The lightning arc hits the harpy. x2
The harpy dies!
The lightning arc hits you!
You die...

≈≈ ≈≈≈≈≈≈≈≈≈≈≈≈≈≈≈≈≈≈≈.≈≈...≈,
≈≈≈≈≈≈≈≈≈≈≈≈≈≈≈.≈≈≈≈≈≈≈≈.≈≈ ≈≈ ≈
≈≈≈≈≈≈≈≈≈≈≈≈≈≈.≈≈≈≈≈≈≈....≈≈≈
≈≈≈≈≈≈≈≈≈≈≈.....≈≈≈≈.......≈ ≈
≈≈≈≈≈≈≈≈≈≈≈)......≈≈.....#..≈ ≈≈
≈HH≈≈≈≈≈≈.....$..@........≈≈≈
≈≈≈≈≈≈..≈..##.H...#........≈
≈≈≈≈≈≈≈≈.≈.?.###..###.......≈≈≈
≈≈≈≈≈≈≈≈≈≈..####@..##.........≈≈
≈≈≈≈≈≈≈≈≈≈.........##.........≈
PP≈P≈≈≈≈≈..≈.............##...≈≈≈
≈P≈≈≈≈≈≈................###....≈≈
P≈≈≈.≈...P...............#.....≈≈
≈P.≈P≈.≈≈..P................≈≈≈≈≈
....≈≈≈PPP..#...##....≈≈≈...≈≈≈≈≈
...P≈P≈≈P≈..#........≈≈≈....≈≈≈≈≈
≈≈.PP≈≈PPP...........≈[.....≈≈≈≈≈


You could see Nikola and a harpy.

Vanquished Creatures
  Gastronok (Lair:1)
  Kirke (Lair:4)
  An orc warlord (Orc:2)
  Nessos (Orc:2)
  The ghost of Tuanipua the Protected, a journeyman MiGl of Okawaru (Lair:3)
  Josephine (Shoals:1)
  5 hydras
  2 naga warriors (Snake:1)
  The ghost of mazyrok777 the Basher, a journeyman GrFi of Okawaru (Lair:2)
  A merfolk aquamancer (Shoals:1)
  3 merfolk avatars
  Erica (Orc:1)
  A centaur warrior (D:13)
  2 ogre magi
  The ghost of Cykl0x the Cleaver, a journeyman GrFi of Okawaru (D:11)
  3 two-headed ogres
  A dancing weapon (Orc:2)
  10 death yaks
  A tengu warrior (D:13)
  3 orc high priests (Orc:2)
  A shock serpent (Snake:1)
  4 naga sharpshooters (Snake:1)
  Nergalle (Lair:1)
  3 sea snakes
  A skeletal warrior (D:13)
  An unseen horror (D:12)
  3 orc knights
  4 harpies
  3 manticores (Shoals:1)
  A necromancer (Lair:3)
  An orc sorcerer (Orc:2)
  4 ugly things
  3 cyclopes
  4 merfolk sirens
  3 salamanders (Snake:1)
  14 elephants
  Maurice (D:8)
  A guardian serpent (Snake:1)
  Joseph (D:8)
  12 black mambas
  A centaur zombie (D:12)
  4 naga magi (Snake:1)
  3 water nymphs (Shoals:1)
  A torpor snail (Lair:6)
  A kobold demonologist (D:13)
  10 spiny frogs
  A centaur skeleton (D:13)
  12 komodo dragons
  11 rime drakes
  A redback zombie (D:14)
  2 yaktaurs (D:13)
  6 trolls
  A tengu conjurer (D:13)
  A wind drake (Lair:6)
  2 polar bears (Lair:6)
  2 hornets (Lair:6)
  A merfolk (Lair:4)
  25 blink frogs
  6 hippogriffs
  2 slime creatures (D:11)
  5 snapping turtles
  5 dream sheep (Lair:5)
  A shadow (D:14)
  3 water elementals (Shoals:1)
  2 wraiths (Lair:4)
  4 wyverns
  47 yaks
  6 basilisks
  2 hungry ghosts
  3 vampire mosquitoes (D:13)
  Menkaure (D:4)
  A soldier ant (D:12)
  12 wargs
  2 nagas (Snake:1)
  2 acid dragons
  16 water moccasins
  3 porcupines
  12 orc warriors
  3 ice beasts
  6 sky beasts
  2 phantoms (D:12)
  2 black bears
  An eye of draining (D:12)
  A necrophage (D:10)
  14 ogres
  4 wolves (Lair:2)
  6 centaurs
  14 crocodiles
  18 bullfrogs
  8 big kobolds
  Blork the orc (D:5)
  A gnoll sergeant (D:9)
  A wyvern skeleton (D:13)
  A scorpion (Lair:1)
  6 killer bees (D:7)
  3 wights (D:11)
  A howler monkey (D:8)
  4 electric eels
  4 crimson imps
  2 bullfrog zombies (D:11)
  2 quasits
  14 hounds
  5 jellies
  25 orc priests
  10 orc wizards
  4 bullfrog skeletons
  5 iguanas
  13 worker ants
  3 polar bear simulacra (Lair:3)
  2 yak simulacra (Lair:3)
  2 wolf simulacra (Lair:3)
  A hound zombie (D:10)
  A hound skeleton (D:4)
  A worker ant zombie (D:10)
  13 adders
  4 gnolls
  5 shadow imps
  An ooze (Lair:5)
  2 adder zombies
  4 adder skeletons
  3 worms (D:2)
  10 dart slugs
  6 leopard geckos
  94 orcs
  6 giant cockroaches
  7 goblins
  4 hobgoblins (D:2)
  2 jackals (D:3)
  4 quokkas
  2 ball pythons
  3 bats
  8 frilled lizards
  17 kobolds
  8 rats
  4 river rat simulacra (Lair:3)
725 creatures vanquished.

Vanquished Creatures (collateral kills)
  A merfolk impaler (Shoals:1)
  A two-headed ogre (D:10)
  2 death yaks (Lair:6)
  5 orc high priests (Orc:2)
  A black mamba (Snake:1)
  A wyvern (Lair:6)
  A blink frog (Lair:6)
  9 yaks (Lair:6)
  3 nagas (Snake:1)
  8 ogres
  12 orc warriors
  A gnoll sergeant (D:9)
  A wight (D:11)
  11 orc priests (Orc:2)
  5 orc wizards
  2 gnolls (Orc:2)
  23 orcs
  A giant cockroach (D:4)
88 creatures vanquished.

Vanquished Creatures (others)
  A death yak (Lair:6)
  An orc high priest (Orc:2)
  A harpy (Shoals:1)
  A merfolk siren (Shoals:1)
  5 dancing weapons
  A wyvern (Lair:6)
  3 yaks (Lair:6)
  A warg (Orc:2)
  An orc wizard (Orc:2)
  A bush (Lair:6)
  11 fungi
  29 plants
56 creatures vanquished.

Grand Total: 869 creatures vanquished

Notes
Turn   | Place    | Note
-------+----------+-------------------------------------------
     0 | D:1      | Jynx the Spriggan Enchanter began the quest for the Orb.
     0 | D:1      | Reached XP level 1. HP: 9/9 MP: 5/5
   236 | D:1      | Reached XP level 2. HP: 13/13 MP: 6/6
   240 | D:1      | Learned a level 2 spell: Ensorcelled Hibernation
   297 | D:1      | Reached skill level 4 in Hexes
   881 | D:2      | Found an ornate altar of the Wu Jian Council.
   978 | D:2      | Found a white marble altar of Elyvilon.
   986 | D:2      | Found a sacrificial altar of Ru.
  1038 | D:2      | Reached XP level 3. HP: 4/16 MP: 5/8
  1284 | D:2      | Learned a level 3 spell: Confuse
  2049 | D:3      | Reached skill level 5 in Stealth
  2112 | D:3      | Reached XP level 4. HP: 21/21 MP: 7/10
  2154 | D:3      | Found an iron altar of Okawaru.
  2585 | D:3      | Learned a level 3 spell: Tukima's Dance
  3585 | D:4      | Reached skill level 5 in Hexes
  3585 | D:4      | Reached XP level 5. HP: 24/24 MP: 11/11
  3629 | D:4      | Noticed an ogre
  3638 | D:4      | Killed an ogre
  4120 | D:4      | Found a radiant altar of Vehumet.
  4223 | D:4      | Noticed an ogre
  4236 | D:4      | Killed an ogre
  4236 | D:4      | Reached XP level 6. HP: 18/28 MP: 9/13
  4811 | D:4      | Found a faded altar of an unknown god.
  4816 | D:4      | Found a staircase to the Ecumenical Temple.
  4818 | D:4      | Noticed Menkaure
  4875 | D:4      | Killed Menkaure
  4875 | D:4      | Reached skill level 5 in Dodging
  4875 | D:4      | Reached skill level 6 in Hexes
  5010 | D:4      | Reached XP level 7. HP: 26/32 MP: 7/14
  5126 | D:5      | Entered Level 5 of the Dungeon
  5198 | D:5      | Found a shadowy altar of Dithmenos.
  5298 | D:5      | Noticed Blork the orc
  5384 | D:5      | Found a sparkling altar of Nemelex Xobeh.
  5403 | D:5      | Found Cahesche's Book Shop.
  5528 | D:5      | Found a transporter.
  5529 | D:5      | Found a transporter.
  5529 | D:5      | Noticed Gargoyl's ghost (novice CeAK)
  5601 | D:5      | Killed Blork the orc
  5601 | D:5      | Reached skill level 7 in Hexes
  5603 | D:5      | Reached skill level 5 in Spellcasting
  5730 | D:5      | Found a bloodstained altar of Trog.
  5894 | Temple   | Entered the Ecumenical Temple
  6298 | D:6      | Reached XP level 8. HP: 33/36 MP: 8/16
  6825 | D:6      | Reached skill level 8 in Hexes
  6840 | D:6      | Learned a level 3 spell: Dazzling Spray
  6850 | D:6      | You fall through a shaft for 2 floors!
  6868 | D:8      | Noticed Maurice
  6917 | D:8      | Killed Maurice
  6917 | D:8      | Reached skill level 5 in Short Blades
  7114 | D:6      | Noticed a dagger
  7115 | D:6      | Noticed a hand axe
  7145 | D:6      | Found a hide-covered altar of Uskayaw.
  7538 | D:7      | Reached skill level 9 in Hexes
  7712 | D:7      | Reached XP level 9. HP: 39/39 MP: 19/19
  8592 | D:7      | Reached skill level 10 in Hexes
  9006 | D:8      | Found a shattered altar of Ashenzari.
  9106 | D:8      | Became a worshipper of Ashenzari the Shackled
  9194 | D:8      | Found a glowing silver altar of Zin.
  9241 | D:8      | Noticed Joseph
  9269 | D:8      | Killed Joseph
  9534 | D:8      | Reached skill level 10 in Stealth
  9877 | D:9      | Noticed a two-headed ogre
  9882 | D:9      | Killed a two-headed ogre
  9882 | D:9      | Reached XP level 10. HP: 44/44 MP: 22/22
  9892 | D:9      | Reached skill level 11 in Hexes
 10050 | D:9      | Noticed a cyclops
 10054 | D:9      | Killed a cyclops
 10306 | D:9      | Found a staircase to the Orcish Mines.
 11194 | D:9      | Reached skill level 10 in Dodging
 11311 | D:10     | Entered Level 10 of the Dungeon
 11426 | D:10     | Reached * piety under Ashenzari
 11496 | D:10     | Reached skill level 12 in Hexes
 11832 | D:10     | Noticed an ogre mage
 11833 | D:10     | Noticed a two-headed ogre
 11858 | D:10     | Reached XP level 11. HP: 23/47 MP: 2/24
 11861 | D:10     | Killed a two-headed ogre
 11913 | D:10     | Killed an ogre mage
 13215 | D:11     | Found Upuricogy's Armour Shoppe.
 13233 | D:11     | Noticed a purple ugly thing
 13248 | D:11     | Killed a purple ugly thing
 13348 | D:11     | Found a runed door.
 13348 | D:11     | Noticed Cykl0x's ghost (journeyman GrFi)
 13384 | D:11     | Killed Cykl0x's ghost
 13384 | D:11     | Reached skill level 13 in Hexes
 13509 | D:11     | Found a staircase to the Lair.
 14594 | Lair:1   | Entered Level 1 of the Lair of Beasts
 14594 | Lair:1   | Noticed Gastronok
 14599 | Lair:1   | Killed Gastronok
 14599 | Lair:1   | Reached skill level 10 in Spellcasting
 14599 | Lair:1   | Reached XP level 12. HP: 51/51 MP: 25/27
 14643 | Lair:1   | Reached ** piety under Ashenzari
 14666 | Lair:1   | Noticed Nergalle
 14683 | Lair:1   | Killed Nergalle
 14683 | Lair:1   | Reached skill level 14 in Hexes
 15648 | D:11     | Learned a level 5 spell: Yara's Violent Unravelling
 16465 | Lair:2   | Found a runed gate.
 16465 | Lair:2   | Found a runed gate.
 16465 | Lair:2   | Found a runed gate.
 16466 | Lair:2   | Noticed mazyrok777's ghost (journeyman GrFi)
 17047 | Lair:2   | Killed mazyrok777's ghost
 17338 | Lair:3   | Found a staircase to the Snake Pit.
 17455 | Lair:3   | Noticed a death yak
 17455 | Lair:3   | Noticed a death yak
 17458 | Lair:3   | Noticed a death yak
 17494 | Lair:3   | Killed a death yak
 17775 | Lair:3   | Reached skill level 15 in Hexes
 17961 | Lair:3   | Found a runed gate.
 17962 | Lair:3   | Found a runed gate.
 17962 | Lair:3   | Found a runed gate.
 17965 | Lair:3   | Noticed Tuanipua's ghost (journeyman MiGl)
 18167 | Lair:3   | Killed Tuanipua's ghost
 18167 | Lair:3   | Reached XP level 13. HP: 55/55 MP: 24/29
 18218 | Lair:3   | Reached skill level 10 in Short Blades
 20032 | Lair:4   | Found a staircase to the Shoals.
 20457 | Lair:4   | Reached *** piety under Ashenzari
 20488 | Lair:4   | Reached skill level 16 in Hexes
 20888 | Lair:4   | Noticed Kirke
 20897 | Lair:4   | Killed Kirke
 20897 | Lair:4   | Reached skill level 15 in Stealth
 21195 | Lair:5   | Found a staircase to the Slime Pits.
 22130 | Lair:5   | Reached XP level 14. HP: 36/59 MP: 21/31
 22595 | Lair:5   | Reached **** piety under Ashenzari
 23067 | Lair:6   | Entered Level 6 of the Lair of Beasts
 23373 | D:5      | Bought a book of Enchantments for 700 gold pieces
 23378 | D:5      | Learned a level 4 spell: Cause Fear
 23382 | D:5      | Learned a level 3 spell: Inner Flame
 23391 | D:5      | Learned a level 8 spell: Discord
 23397 | D:5      | Learned a level 5 spell: Silence
 23490 | Orc:1    | Entered Level 1 of the Orcish Mines
 23686 | Orc:2    | Entered Level 2 of the Orcish Mines
 23740 | Orc:2    | Noticed an orc warlord
 23815 | Orc:2    | Killed an orc warlord
 24042 | Orc:1    | Noticed Erica
 24058 | Orc:1    | Killed Erica
 24737 | Orc:1    | Reached ***** piety under Ashenzari
 24849 | Orc:2    | Found a roughly hewn altar of Beogh.
 25226 | Orc:2    | Found a staircase to the Elven Halls.
 25271 | Orc:2    | Reached skill level 17 in Hexes
 25805 | Orc:2    | Found Bomoleysch's General Store.
 25810 | Orc:2    | Found Wico's Food Shoppe.
 26603 | Orc:2    | Found a roughly hewn altar of Beogh.
 26857 | Orc:2    | Noticed Nessos
 26875 | Orc:2    | Killed Nessos
 27212 | Orc:2    | Found Neghyac's Antique Armour Boutique.
 27212 | Orc:2    | Found Madys's Book Shoppe.
 28652 | Lair:6   | Reached skill level 15 in Dodging
 28913 | Lair:6   | Identified the +4 shortbow of the Lurker {venom, Str+4}
 29045 | Lair:6   | Identified the Grimoire of Lethal Conjuration
 29172 | Lair:6   | Reached XP level 15. HP: 43/63 MP: 15/33
 29378 | Lair:6   | Reached skill level 18 in Hexes
 31011 | Orc:2    | Bought the Grimoire of Quantum Augmentations for 770 gold
                  | pieces
 31014 | Orc:2    | Learned a level 2 spell: Blink
 31331 | D:13     | Reached skill level 1 in Translocations
 31461 | D:13     | Found a gate to the Vaults.
 31600 | D:13     | Reached ****** piety under Ashenzari
 32630 | Snake:1  | Entered Level 1 of the Snake Pit
 33752 | Shoals:1 | Entered Level 1 of the Shoals
 33909 | Lair:4   | Reached skill level 5 in Translocations
 33991 | Shoals:1 | Noticed Josephine
 34194 | Shoals:1 | Killed Josephine
 34217 | Shoals:1 | Found Duthu's Assorted Antiques.
 34442 | Shoals:1 | Reached skill level 19 in Hexes
 35012 | Shoals:1 | Noticed Nikola
 35026 | Shoals:1 | Killed from afar by Nikola

Skill      XL: |  1  2  3  4  5  6  7  8  9 10 11 12 13 14 15 |
---------------+----------------------------------------------+-----
Hexes          | 4 5 6 7 9 10 12 13 15 16 17 19 | 19.1
Spellcasting   | 3 4 5 6 7 8 10 11 12 13 14 | 14.1
Stealth        | 5 6 7 8 10 11 12 14 15 16 17 | 17.6
Short Blades   | 2 3 4 5 6 7 8 9 11 12 | 12.0
Dodging        | 4 5 6 7 9 10 11 12 14 15 16 | 16.2
Translocations | 5 |  5.8

Action                   |  1- 3 |  4- 6 |  7- 9 | 10-12 | 13-15 || total
-------------------------+-------+-------+-------+-------+-------++-------
Melee: Dagger            |   138 |   149 |   545 |   790 |  1417 ||  3039
 Cast: Ensorcelled Hiber |    16 |    10 |    26 |    13 |     2 ||    67
       Confuse           |       |     9 |    41 |   135 |   365 ||   550
       Tukima's Dance    |       |     2 |     4 |     9 |    46 ||    61
       Corona            |       |       |     1 |       |     5 ||     6
       Dazzling Spray    |       |       |       |    11 |    49 ||    60
       Discord           |       |       |       |       |     4 ||     4
       Yara's Violent Un |       |       |       |       |     1 ||     1
Invok: Curse Item        |       |       |     1 |       |     5 ||     6
Evoke: Wand              |       |       |     2 |       |       ||     2
  Use: Scroll            |       |     3 |    11 |     5 |     5 ||    24
       Potion            |       |       |       |       |     2 ||     2
 Stab: Sleeping          |    20 |     7 |    35 |    38 |    60 ||   160
       Distracted        |       |     3 |     1 |     3 |    11 ||    18
       Confused          |       |     6 |    30 |   109 |   234 ||   379
       Invisible         |       |       |       |     1 |    20 ||    21
  Eat: Ration            |       |     1 |     4 |     5 |    10 ||    20
Armor: Robe              |     6 |    12 |    35 |    32 |    40 ||   125
Dodge: Dodged            |    91 |    96 |   329 |   452 |   892 ||  1860
